 Dungeon Sprint DCSS version 0.31-a0-38-g1548c4f2a5 (webtiles) character file.

Game seed: 13390460393421143386

51 fozzywoppz the Sneak (level 3, -6/21 HPs)
             Began as an Octopode Venom Mage on May 16, 2023.
             Mangled by a water elemental (17 damage)
             ... in the Dungeon (Sprint III: "The Ten Rune Challenge").
             The game lasted 00:03:59 (343 turns).

fozzywoppz the Sneak (Octopode Venom Mage)           Turns: 343, Time: 00:04:00

Health: -6/21      AC:  1    Str:  6    XL:     3   Next: 83%
Magic:  8/8        EV: 14    Int: 21    God:
Gold:   23         SH:  0    Dex: 13    Spells: 3/9 levels left

rFire   . . .        i - +0 dagger
rCold   . . .        (no shield)
rNeg    . . .        (helmet restricted)
rPois   .            (no amulet)
rElec   .            (no ring)
rCorr   .            (no ring)
SInv    .            (no ring)
Will    .....        (no ring)
Stlth   ++++         (no ring)
HPRegen 0.23/turn    (no ring)
MPRegen 0.11/turn    (no ring)
                     (no ring)

%: no teleportation
@: engulfed
A: almost no armour, amphibious, 8 rings, camouflage 1, gelatinous body 1,
(nimble swimmer 1), tentacles, clever 1, MP-powered wands
a: no special abilities


You were in the Dungeon.
You visited 1 branch You collected 23 gold pieces.

Inventory:

Hand Weapons
 i - a +0 dagger (weapon)
Scrolls
 f - a scroll of blinking
 g - a scroll of fear {unknown}
 h - a scroll of immolation
Potions
 a - 3 potions of magic
 b - 2 potions of curing
 c - a potion of heal wounds
 d - 2 potions of haste
 e - a potion of mutation
 j - a potion of invisibility


   Skills:
 + Level 4.2 Dodging
 + Level 5.5 Stealth
 + Level 3.7 Spellcasting
 - Level 2.0 Transmutations
 - Level 5.0 Poison Magic


You had 3 spell levels left.
You knew the following spells:

 Your Spells              Type           Power      Damage    Failure   Level
a - Sting                 Tmut/Pois      72%        1d6       3%          1
b - Poisonous Vapours     Pois/Air       28%        N/A       7%          2
c - Mephitic Cloud        Conj/Pois/Air  10%        N/A       19%         3

Your spell library contained the following spells:

 Spells                   Type           Power      Damage    Failure   Level
 Olgreb's Toxic Radiance  Pois           24%        N/A       16%         4


Dungeon Overview and Level Annotations

Branches:
Dungeon (1/1)

Altars:


Innate Abilities, Weirdness & Mutations

You cannot wear most types of armour.
You are amphibious.
You can wear up to eight rings at the same time.
Your skin changes colour to match your surroundings (Stealth+).
Your rubbery body absorbs attacks. (AC +1, EV +1)
((You are camouflaged when in or above water. (Stealth+)))
You have tentacles for arms and can constrict up to eight enemies at once.
Your mind is acute. (Int +4, Str/Dex -1)
You expend magic power (3 MP) to strengthen your wands.


Message History

You feel clever.
You feel stronger.
You feel clever.
You feel weaker.
You feel your magical essence link to the dungeon's wands.
There is an open door here.
Okay, then.
You see here a human corpse.
Things that are here:
a +0 dagger; a +2 robe of the Archmagi
i - a +0 dagger
i - a +0 dagger (weapon)
You see here a human corpse.
You open the door.
A water elemental comes into view.
There is an open door to the Ecumenical Temple here.
Casting: Sting (safe; 3% risk of failure)
Confirm with . or Enter, or press ? or * to list all spells.
Aiming: Sting (safe; 3% risk of failure)
Press: ? - help, Shift-Dir - straight line, f - water elemental
Aim: a water elemental (84% to hit)
Okay, then.
Press: ? - help, v - describe, . - travel
Here: a water elemental The floor.
Unknown command.
You aren't carrying any items that you can evoke.
You hit the water elemental.
The water elemental is lightly damaged.
The water elemental barely misses you.
Okay, then.
You barely miss the water elemental. You squeeze the water elemental!
The water elemental is moderately damaged.
The water elemental closely misses you.
You hit the water elemental but do no damage.
The water elemental is moderately damaged.
The water elemental hits you!
The water elemental engulfs you in water!
Unknown command.
The water elemental attacks as you move away!
The water elemental hits you!
Ouch! That really hurt!
You die...

▓▓▓▓▓▓▓ ▓▓▓ ..#...####
##.# ..#......#####..#
.##.......#..#..#
#.##.##...#..#..###+#+##
#.##.###.[##'#..#.......
.####.##..###...@.⌠.....
###..##..####...#E..####
.....##..###....#.⌠.#
##..##..†##.....#...#
#..##....#......#+###
..###..##.#.....# ..#
#..#####....# ▓▓▓ ▓▓▓▓
▓▓▓▓▓▓


You could see a water elemental.

Vanquished Creatures
  Jessica (D)
  A human (D)
  A phantom (D)
  An endoplasm (D)
  2 rats (D)
6 creatures vanquished.

Notes
Turn   | Place    | Note
-------+----------+-------------------------------------------
     0 | D        | fozzywoppz the Octopode Venom Mage began the quest for the
                  | Orb.
     0 | D        | Reached XP level 1. HP: 11/11 MP: 3/3
    46 | D        | Noticed Jessica
    59 | D        | Killed Jessica
    60 | D        | Reached XP level 2. HP: 17/17 MP: 0/6
    60 | D        | Reached XP level 3. HP: 21/21 MP: 0/7
   148 | D        | Learned a level 2 spell: Poisonous Vapours
   152 | D        | Learned a level 3 spell: Mephitic Cloud
   174 | D        | Reached skill level 5 in Stealth
   174 | D        | Reached skill level 5 in Poison Magic
   305 | D        | Gained mutation: You are dopey. (Int -2) [potion of
                  | mutation]
   305 | D        | Gained mutation: You occasionally lose the ability to read
                  | scrolls when taking damage. [potion of mutation]
   305 | D        | Gained mutation: Your muscles are strong. (Str +4, Int/Dex
                  | -1) [potion of mutation]
   306 | D        | Lost mutation: Your muscles are strong. (Str +4, Int/Dex
                  | -1) [potion of mutation]
   306 | D        | Lost mutation: You occasionally lose the ability to read
                  | scrolls when taking damage. [potion of mutation]
   306 | D        | Lost mutation: You are dopey. (Int -2) [potion of mutation]
   306 | D        | Gained mutation: Your muscles are strong. (Str +4, Int/Dex
                  | -1) [potion of mutation]
   306 | D        | Gained mutation: Your mind is acute. (Int +4, Str/Dex -1)
                  | [potion of mutation]
   306 | D        | Lost mutation: Your muscles are strong. (Str +4, Int/Dex
                  | -1) [potion of mutation]
   306 | D        | Gained mutation: You expend magic power (3 MP) to
                  | strengthen your wands. [potion of mutation]
   338 | D        | Noticed a water elemental
   343 | D        | Mangled by a water elemental

Illustrated notes

Levels and vault maps discovered:
D:        dungeon_sprint_mu [sprint_mu_entry_cave, sprint_mu_temple_rooms,
          sprint_mu_d1_spiders, sprint_mu_d2_genie, sprint_mu_d3_branching,
          sprint_mu_orc_legion, sprint_mu_elf_gauntlet, sprint_mu_hive_nellie,
          sprint_mu_lair_fedhas, sprint_mu_vaults_butterflies,
          sprint_mu_slime_circle, sprint_mu_swamp_cave, sprint_mu_snake_twists,
          sprint_mu_blade_basic, sprint_mu_crypt_chambers,
          sprint_mu_tomb_spiral, sprint_mu_vestibule_basic,
          sprint_mu_gehenna_hellfire, sprint_mu_dis_giant,
          sprint_mu_tartarus_statrot, sprint_mu_cocytus_islands, sprint_mu_zot1]

Skill      XL: |  1  2  3 |
---------------+----------+-----
Stealth        | 4 5 |  5.5
Dodging        | 3 4 |  4.2
Spellcasting   | 3 |  3.7
Transmutations | 2 |  2.0
Poison Magic   | 4 5 |  5.0

Action                     || total
---------------------------++-------
  Melee: Unarmed           ||    33
         Tentacles         ||     8
         Constrict         ||     4
         Dagger            ||     3
   Cast: Sting             ||    11
    Use: Scroll            ||     3
         Potion            ||     3
   Stab: Sleeping          ||     5
 Armour: Skin              ||     2
  Dodge: Dodged            ||    25

Table legend: (Time is in decaauts)
 A = Elapsed time spent in this place.
 B = Non-inter-level travel time spent in this place.
 C = Inter-level travel time spent in this place.
 D = Time resting spent in this place.
 E = Time spent auto-exploring this place.
 F = Levels seen in this place.
 G = Mean time per level.
                   A        B        C        D        E       F      G
               +--------+--------+--------+--------+--------+-----+--------+
         Total |    350 |    350 |      0 |    140 |      0 |   1 |  350.0 |
       Dungeon |    350 |    350 |      0 |    140 |      0 |   1 |  350.0 |
               +--------+--------+--------+--------+--------+-----+--------+

Top non-repeatable levels by time:
       D: 350 daAuts
